[Event "AUT-ch U18-Open 2025"]
[Site "Fuerstenfeld"]
[Date "2025.04.13"]
[Round "1.1"]
[White "Kuti, Oliver"]
[Black "Balint, Peter"]
[Result "0-1"]
[Annotator "ChessBase"]
[ECO "B22"]
[WhiteElo "2008"]
[BlackElo "2366"]
[PlyCount "78"]
[EventDate "2025.04.12"]
[EventType "swiss"]
[EventCountry "AUT"]
[SourceTitle "playchess.com"]
[Source "ChessBase"]
[SourceQuality "1"]
[TimeControl "5400+30"]

1. e4 c5 2. c3 Nf6 3. e5 Nd5 4. Nf3 d6 5. d4 cxd4 6. cxd4 Nc6 7. Bc4 Nb6 8. Bb5 dxe5 9. Nxe5 Bd7 10. Nxd7 Qxd7 11. Nc3 Rd8 12. Be3 e6 13. O-O Be7 14. Qg4 O-O 15. Rad1 Rfe8 16. d5 Nxd5 17. Bxa7 Qc7 18. Nxd5 exd5 19. Bd4 Bf8 20. Bd3 g6 21. Bb1 Nxd4 22. Rxd4 Qb6 23. Qd1 Re5 24. Rd2 Bc5 25. a3 Qe6 26. Ba2 h5 27. h3 Kg7 28. Qf3 h4 29. Qc3 Bb6 30. Rfd1 Kh7 31. Rc2 Rd6 32. Qb4 Re4 33. Qd2 Qe5 34. Qc3 Bd4 35. Qd2 Rf6 36. Qd3 Rxf2 37. Rxf2 Re1+ 38. Rxe1 Qxe1+ 39. Kh2 Bxf2 0-1

[Event "AUT-ch U18-Open 2025"]
[Site "Fuerstenfeld"]
[Date "2025.04.13"]
[Round "1.2"]
[White "Gschiel, Alexander"]
[Black "Hahn, Stefan"]
[Result "1-0"]
[Annotator "ChessBase"]
[ECO "A40"]
[WhiteElo "2317"]
[BlackElo "1988"]
[PlyCount "61"]
[EventDate "2025.04.12"]
[EventType "swiss"]
[EventCountry "AUT"]
[SourceTitle "playchess.com"]
[Source "ChessBase"]
[SourceQuality "1"]
[TimeControl "5400+30"]

1. d4 e6 2. c4 b6 3. Nf3 Bb7 4. Nc3 Bb4 5. e3 f5 6. Bd2 Nf6 7. Be2 O-O 8. O-O Bxc3 9. Bxc3 Ne4 10. Be1 d6 11. Nd2 Nxd2 12. Qxd2 Nd7 13. f3 Qe8 14. Rc1 a5 15. Bg3 e5 16. dxe5 dxe5 17. Rfd1 Rd8 18. c5 Nxc5 19. Qxd8 Qxd8 20. Rxd8 Rxd8 21. Bxe5 Ba6 22. Rxc5 bxc5 23. Bxa6 Rd7 24. a4 g5 25. Bc3 Rd1+ 26. Kf2 Ra1 27. Bc4+ Kf8 28. b3 Ra2+ 29. Kg3 f4+ 30. exf4 gxf4+ 31. Kh3 1-0

[Event "AUT-ch U18-Open 2025"]
[Site "Fuerstenfeld"]
[Date "2025.04.13"]
[Round "1.3"]
[White "Daemon, Clemens"]
[Black "Leitgeb, Julian"]
[Result "0-1"]
[Annotator "ChessBase"]
[ECO "B22"]
[WhiteElo "1965"]
[BlackElo "2313"]
[PlyCount "82"]
[EventDate "2025.04.12"]
[EventType "swiss"]
[EventCountry "AUT"]
[SourceTitle "playchess.com"]
[Source "ChessBase"]
[SourceQuality "1"]
[TimeControl "5400+30"]

1. e4 c5 2. c3 Nf6 3. e5 Nd5 4. Bc4 Nb6 5. Bb3 c4 6. Bc2 g6 7. Nf3 Bg7 8. O-O Nc6 9. Re1 d6 10. exd6 Qxd6 11. b3 O-O 12. Na3 Be6 13. Rb1 Qd7 14. bxc4 Nxc4 15. Bb3 N6a5 16. Nxc4 Nxc4 17. Rxe6 Qxe6 18. d3 b5 19. Qf1 Qf5 20. a4 a6 21. Bg5 Ne5 22. Bxe7 Nxf3+ 23. gxf3 Rfe8 24. Bb4 Qxf3 25. axb5 axb5 26. d4 Rac8 27. Qg2 Qf5 28. Ra1 Bf8 29. d5 Bxb4 30. cxb4 Re4 31. h3 Qe5 32. Rd1 Rxb4 33. Ba2 Rd4 34. Rb1 Rc3 35. Ra1 Re4 36. Qf1 b4 37. d6 Qxd6 38. Rd1 Rd4 39. Rxd4 Qxd4 40. Qb5 Rc1+ 41. Kh2 Qxf2# 0-1

[Event "AUT-ch U18-Open 2025"]
[Site "Fuerstenfeld"]
[Date "2025.04.13"]
[Round "1.4"]
[White "Wendl, Philipp"]
[Black "Pedevilla, Luis"]
[Result "1-0"]
[Annotator "ChessBase"]
[ECO "E14"]
[WhiteElo "2268"]
[BlackElo "1925"]
[PlyCount "87"]
[EventDate "2025.04.12"]
[EventType "swiss"]
[EventCountry "AUT"]
[SourceTitle "playchess.com"]
[Source "ChessBase"]
[SourceQuality "1"]
[TimeControl "5400+30"]

1. c4 b6 2. Nc3 Bb7 3. d4 Nf6 4. Nf3 e6 5. a3 Be7 6. e3 O-O 7. Bd3 d5 8. cxd5 exd5 9. O-O Nbd7 10. Qc2 c5 11. Ne5 Re8 12. f4 Bf8 13. Bd2 a6 14. Be1 Be7 15. Rd1 c4 16. Bf5 g6 17. Bh3 Nf8 18. g4 Bc8 19. Bg2 Bxg4 20. Nxg4 Nxg4 21. Nxd5 Rc8 22. e4 Nd7 23. Bh3 h5 24. Qg2 Bf8 25. Bxg4 hxg4 26. Qxg4 Nf6 27. Nxf6+ Qxf6 28. e5 Qf5 29. Qxf5 gxf5 30. d5 Bc5+ 31. Bf2 c3 32. bxc3 Bxf2+ 33. Rxf2 Rxc3 34. Rg2+ Kf8 35. Rg5 Ke7 36. Rxf5 Rf8 37. Rf6 Rc2 38. d6+ Kd8 39. Rh6 Rg8+ 40. Kh1 Rf2 41. d7 f6 42. e6 Rxf4 43. Rh7 Re4 44. Rc1 1-0

[Event "AUT-ch U18-Open 2025"]
[Site "Fuerstenfeld"]
[Date "2025.04.13"]
[Round "1.5"]
[White "Fitz, Jonathan David"]
[Black "Hengl, Philip"]
[Result "1/2-1/2"]
[Annotator "ChessBase"]
[ECO "E16"]
[WhiteElo "1918"]
[BlackElo "2205"]
[PlyCount "137"]
[EventDate "2025.04.12"]
[EventType "swiss"]
[EventCountry "AUT"]
[SourceTitle "playchess.com"]
[Source "ChessBase"]
[SourceQuality "1"]
[TimeControl "5400+30"]

1. Nf3 Nf6 2. c4 e6 3. g3 b6 4. d4 Bb7 5. Bg2 g6 6. O-O Bg7 7. Nc3 Ne4 8. Qd3 Nxc3 9. bxc3 d6 10. Ng5 Bxg2 11. Kxg2 Qd7 12. Qf3 Nc6 13. Ne4 O-O 14. Nf6+ Bxf6 15. Qxf6 Qe7 16. Bg5 Qxf6 17. Bxf6 Na5 18. c5 bxc5 19. dxc5 d5 20. Rab1 Nc6 21. Rb7 Rfc8 22. Rfb1 Rab8 23. Rxb8 Rxb8 24. Rxb8+ Nxb8 25. Be5 Na6 26. c6 Kf8 27. Bd4 Ke7 28. Bxa7 Kd6 29. Be3 Kxc6 30. Kf3 f6 31. Ba7 Kb7 32. Be3 c5 33. Bh6 Nb8 34. e4 Kc6 35. Ke3 Kb5 36. exd5 exd5 37. Kd3 Nd7 38. f4 Kc6 39. Bg7 Kd6 40. a4 Kc6 41. Kc2 Kb6 42. Kb3 Kc6 43. g4 f5 44. h3 Nb6 45. Be5 Nc4 46. gxf5 gxf5 47. Bf6 Nd6 48. Be7 Ne4 49. Bd8 Nf2 50. h4 h5 51. Be7 Nd3 52. Bg5 Nf2 53. Bf6 Ne4 54. Be5 Nd2+ 55. Kc2 Nc4 56. Bf6 Nb6 57. Kb3 Nd7 58. Be7 Kb6 59. Bd8+ Ka6 60. Be7 Kb7 61. a5 Kc6 62. Ka4 Nb8 63. Bf6 Na6 64. Be5 c4 65. Bd4 Nc7 66. Kb4 Na6+ 67. Ka4 Nb8 68. Kb4 Na6+ 69. Ka4 1/2-1/2

[Event "AUT-ch U18-Open 2025"]
[Site "Fuerstenfeld"]
[Date "2025.04.13"]
[Round "1.6"]
[White "Zaytsev, Alexander"]
[Black "Maier, Tobias"]
[Result "0-1"]
[Annotator "ChessBase"]
[ECO "C55"]
[WhiteElo "2178"]
[BlackElo "1915"]
[PlyCount "76"]
[EventDate "2025.04.12"]
[EventType "swiss"]
[EventCountry "AUT"]
[SourceTitle "playchess.com"]
[Source "ChessBase"]
[SourceQuality "1"]
[TimeControl "5400+30"]

1. e4 e5 2. Nf3 Nc6 3. Bc4 Nf6 4. d3 Be7 5. Nc3 d6 6. a4 a5 7. h3 O-O 8. O-O h6 9. Nh2 Be6 10. Bxe6 fxe6 11. f4 exf4 12. Bxf4 e5 13. Be3 Qd7 14. Qe1 d5 15. Nxd5 Nxd5 16. exd5 Qxd5 17. Kh1 Bd6 18. Qh4 Nd4 19. c4 Qe6 20. Bxd4 exd4 21. Qxd4 Be5 22. Qe4 Qd6 23. Nf3 Bxb2 24. Rab1 Bc3 25. Rxb7 Rad8 26. Rd1 c5 27. Re7 Rf4 28. Re8+ Rxe8 29. Qxe8+ Kh7 30. Qe2 Qd7 31. Qc2 Rxf3 32. Qxc3 Rxh3+ 33. Kg1 Qg4 34. Qe1 Qd4+ 35. Qf2 Rh1+ 36. Kxh1 Qxf2 37. Rb1 Qh4+ 38. Kg1 Qd4+ 0-1

[Event "AUT-ch U18-Open 2025"]
[Site "Fuerstenfeld"]
[Date "2025.04.13"]
[Round "1.7"]
[White "Loretz, Jonas"]
[Black "Jetzl, Julian"]
[Result "1-0"]
[Annotator "NA"]
[ECO "B90"]
[WhiteElo "1869"]
[BlackElo "2146"]
[PlyCount "87"]
[EventDate "2025.04.12"]
[EventType "swiss"]
[EventCountry "AUT"]
[SourceTitle "playchess.com"]
[Source "ChessBase"]
[SourceQuality "1"]
[TimeControl "5400+30"]

1. e4 c5 2. Nf3 d6 3. d4 cxd4 4. Nxd4 Nf6 5. Nc3 a6 6. a4 e5 7. Nf3 Be7 8. Bg5 Be6 9. Bxf6 Bxf6 10. Nd5 Bxd5 11. Qxd5 Qc7 12. Bc4 O-O 13. O-O Nd7 14. Bb3 Nc5 15. Rfd1 Be7 16. Nd2 Qc6 17. f3 Ne6 18. Qxc6 bxc6 19. Bxe6 fxe6 20. Nc4 Rab8 21. b3 Rfd8 22. Rd3 d5 23. exd5 cxd5 24. Nxe5 Rbc8 25. c3 a5 26. Rad1 Rf8 27. Re1 Rfd8 28. c4 Bf6 29. cxd5 Rxd5 30. Rxd5 exd5 31. f4 Rc3 32. Rd1 Rxb3 33. Rxd5 Rb4 34. Rxa5 g5 35. fxg5 Bxe5 36. Rxe5 Rxa4 37. g3 Kg7 38. h4 Kg6 39. Kg2 Ra2+ 40. Kh3 Ra4 41. Re6+ Kg7 42. Rf6 Rb4 43. Rf4 Rb1 44. Kg4 1-0

[Event "AUT-ch U18-Open 2025"]
[Site "Fuerstenfeld"]
[Date "2025.04.13"]
[Round "1.8"]
[White "Gruenwald, Simon"]
[Black "Schramml, Fabian"]
[Result "1-0"]
[Annotator "NA"]
[ECO "B33"]
[WhiteElo "2101"]
[BlackElo "1838"]
[PlyCount "55"]
[EventDate "2025.04.12"]
[EventType "swiss"]
[EventCountry "AUT"]
[SourceTitle "playchess.com"]
[Source "ChessBase"]
[SourceQuality "1"]
[TimeControl "5400+30"]

1. e4 c5 2. Nf3 e6 3. d4 cxd4 4. Nxd4 Nf6 5. Nc3 Nc6 6. Ndb5 d6 7. Bf4 e5 8. Bg5 a6 9. Na3 b5 10. Nd5 Be7 11. Bxf6 Bxf6 12. c4 b4 13. Nc2 a5 14. Qf3 Bg5 15. h4 Bf6 16. g4 h6 17. Rd1 Be6 18. Nxf6+ gxf6 19. c5 Qc8 20. Rxd6 Ke7 21. Ne3 Nd4 22. Nd5+ Kf8 23. Qxf6 Rh7 24. Qe7+ Kg7 25. Qf6+ Kf8 26. Qe7+ Kg7 27. Nc7 Rb8 28. Ba6 1-0